cohdb
Replays
Latest Replays
All Replays
Popular Replays
Top Player Replays
Match Explorer
How It Works
Community
CoH3 Stats
Reddit
Sign in to upload your games and track your stats! →
Sign in with Steam
Match 43557775
Unlisted
Match 43557775
Overview
Messages
Build Orders
End
Construct Infanterie Kompanie
Selects Mechanized Battlegroup
MG 42 Machine Gun Team
Kettenkrad Recon Vehicle
GrW 34 Mortar Team
Grenadier Squad
Construct Panzergrenadier Kompanie
MG 42 Machine Gun Team
Panzergrenadier Squad
251 Medium Carrier
Pak 40 Anti-tank Gun Team
Construct Panzer Kompanie
Selects Raid Package
Selects 8 Rad Armored Car
Selects UNKNOWN (2160084)
Stoßtruppen Squad
Selects Mobile Repair Stations
Panzer IV Medium Tank
Selects Stoßtruppen Assault Package
Woods
Moltke1871
TylerB
Jaksfess
0
0
Comments
sign in to comment!
No comments posted yet!